 Dungeon Crawl Stone Soup version 0.31-a0-229-g1fc7ce93e2 (webtiles) character file.

Game seed: 17504777958089976541

210 qw the Shooter (level 5, -2/41 HPs)
             Began as a Minotaur Hexslinger on July 6, 2023.
             Slain by Terence
             ... wielding a +0 flail
              (8 damage)
             ... on level 2 of the Dungeon.
             The game lasted 00:00:23 (768 turns).

qw the Shooter (Minotaur Hexslinger)                 Turns: 768, Time: 00:00:24

Health: -2/41      AC:  5    Str: 13    XL:     5   Next: 57%
Magic:  5/5        EV: 11    Int: 10    God:
Gold:   67         SH:  0    Dex: 14    Spells: 5/6 levels left

rFire   . . .        a - +1 sling
rCold   . . .        (no shield)
rNeg    . . .        f - +0 ring mail
rPois   .            (helmet restricted)
rElec   .            (no cloak)
rCorr   .            (no gloves)
SInv    .            (no boots)
Will    .....        (no amulet)
Stlth   +            (no ring)
HPRegen 0.26/turn    (no ring)
MPRegen 0.09/turn

%: no passive effects
@: no status effects
A: horns 2, retaliatory headbutt
a: no special abilities


You were on level 2 of the Dungeon.
You visited 1 branch of the dungeon, and saw 2 of its levels.

You collected 67 gold pieces.


Innate Abilities, Weirdness & Mutations

You have a pair of horns on your head.
You reflexively headbutt those who attack you in melee.


   Skills:
 - Level 2.0 Fighting
 - Level 6.2 Ranged Weapons
 + Level 0.3 Armour
 - Level 2.1 Dodging
 - Level 1.0 Spellcasting
 - Level 2.0 Hexes


You had 5 spell levels left.
You knew the following spells:

 Your Spells              Type           Power      Damage    Failure   Level
a - Slow                  Hex            16%        N/A       32%         1

Your spell library contained the following spells:

 Spells                   Type           Power      Damage    Failure   Level
 Inner Flame              Hex/Fire       2%         N/A       82%         3
 Portal Projectile        Hex/Tloc       4%         N/A       82%         3
 Cause Fear               Hex            2%         N/A       97%         4

Inventory:

Hand Weapons
 a - a +1 sling (weapon)
Armour
 f - a +0 ring mail (worn)
Jewellery
 b - the ring of Niuro {rPois Int-5 Dex+6}
   (You found it on level 2 of the Dungeon)

   [ring of poison resistance]

   Int:       It affects your intelligence (-5).
   Dex:       It affects your dexterity (+6).
   rPois:     It protects you from poison.
Scrolls
 c - a scroll of identify {unknown}
Potions
 d - 2 potions of haste {unknown}
 e - 2 potions of curing {unknown}
 g - a potion of attraction {unknown}

Dungeon Overview and Level Annotations

Branches:
Dungeon (2/15)

Altars:

Annotations:
D:2 Terence


Message History

The kobold moves out of view.
Found 2 bubbling brown potions, a club and a book of the Moon.
Enter note:
Enter note: You shoot a sling bullet.
The sling bullet hits the kobold.
You kill the kobold!
d - 2 bubbling brown potions
Enter note:
Enter note: You see here a book of the Moon.
Terence the Incautious comes into view.
He is wielding a +0 flail.
Terence shouts!
Enter note:
Enter note: You shoot a sling bullet.
The sling bullet hits Terence.
Terence is lightly wounded.
You shoot a sling bullet.
The sling bullet closely misses Terence.
You shoot a sling bullet. The sling bullet barely misses Terence.
You shoot a sling bullet.
The sling bullet hits Terence but does no damage.
Terence is lightly wounded.
Terence drinks a potion.
Terence flickers and vanishes!
Deactivating autopickup; reactivate with Ctrl-A.
You shoot a sling bullet. You shoot a sling bullet. Something hits you!
You shoot a sling bullet. Something hits you.
You shoot a sling bullet. Something hits you. Something hits you!
You shoot a sling bullet. Something hits you!
You shoot a sling bullet. Something hits you.
You shoot a sling bullet. Something hits you.
You shoot a sling bullet. Something hits you!
You die...

####.#
#...#
#.#.##
#....#
####.#
#.# #.#
#.# #@#
#{....#
....###
.....#
......#
#......#
#......#
#......#


There were no monsters in sight!

Vanquished Creatures
  Sigmund (D:2)
  A worm (D:2)
  3 bats (D:1)
  6 endoplasms (D:1)
  2 giant cockroaches (D:1)
  3 goblins (D:1)
  2 hobgoblins (D:1)
  2 kobolds
  7 quokkas (D:1)
  2 ball pythons (D:1)
  3 frilled lizards (D:1)
  3 rats (D:1)
35 creatures vanquished.

Notes
Turn   | Place    | Note
-------+----------+-------------------------------------------
     0 | D:1      | qw the Minotaur Hexslinger began the quest for the Orb.
     0 | D:1      | Reached XP level 1. HP: 16/16 MP: 1/1
     0 | D:1      | 0 ||| qw: Version: 0.3-a-46-gb1f654a
     0 | D:1      | 0 ||| qw: Game counter: 1161
     0 | D:1      | 0 ||| qw: Melee chars always use a shield: true
     0 | D:1      | 0 ||| qw: God list: Okawaru
     0 | D:1      | 0 ||| qw: Allow faded altars: false
     0 | D:1      | 0 ||| qw: Do Orc after clearing Dungeon:15 true
     0 | D:1      | 0 ||| qw: Do second Lair branch before Depths: true
     0 | D:1      | 0 ||| qw: Lair rune preference: random
     0 | D:1      | 0 ||| qw: Goals: Normal
     0 | D:1      | 0 ||| PLANNING D:1-11
    98 | D:1      | Reached skill level 3 in Ranged Weapons
   136 | D:1      | Reached XP level 2. HP: 23/23 MP: 2/2
   340 | D:1      | Reached XP level 3. HP: 29/29 MP: 3/3
   581 | D:1      | 581 ||| UPGRADING to +0 leather armour.
   591 | D:1      | 591 ||| DROPPING +0 robe.
   592 | D:1      | 592 ||| UPGRADING to +0 ring mail.
   602 | D:1      | 602 ||| DROPPING +0 leather armour.
   603 | D:1      | 603 ||| DROPPING scroll of poison.
   614 | D:2      | Identified the ring of Niuro {rPois Int-5 Dex+6}
   616 | D:2      | Noticed Sigmund
   626 | D:2      | Killed Sigmund
   627 | D:2      | Reached skill level 6 in Ranged Weapons
   627 | D:2      | Reached XP level 4. HP: 23/36 MP: 4/4
   627 | D:2      | Reached XP level 5. HP: 26/41 MP: 5/5
   756 | D:2      | Noticed Terence
   767 | D:2      | HP: 5/41 [something (6)]
   768 | D:2      | Slain by Terence

Levels and vault maps discovered:
D:1:      tarquinn_simple_flora_water_a, layout_rooms, minmay_misc_feat_tower,
          minmay_box_of_dots
D:2:      cheibrodos_pilgrimage, layout_basic, uniq_terence, uniq_sigmund,
          uniq_crazy_yiuf_cottage

Skill      XL: |  1  2  3 |
---------------+----------+-----
Ranged Weapons | 3 6 |  6.2
Fighting       | 2 |  2.0
Armour         | |  0.3
Dodging        | |  2.1
Spellcasting   | |  1.0
Hexes          | |  2.0

Action                     |  1- 3 |  4- 6 || total
---------------------------+-------+-------++-------
   Fire: Sling             |    88 |    17 ||   105
 Armour: Robe              |     1 |       ||     1
  Dodge: Dodged            |    16 |       ||    16

Table legend:
 A = Non-vault XP
 B = Vault XP
 C = Vault XP percentage of total XP
 D = Non-vault monster count
 E = Vault monster count
 F = Vault count percentage of total count
                 A         B        C        D         E       F
            +---------+---------+-------+---------+---------+-------
      Total |      60 |     241 |  80.1 |      33 |       2 |   5.7
            +---------+---------+-------+---------+---------+-------
        D:1 |      54 |       2 |   3.6 |      31 |       1 |   3.1
        D:2 |       6 |     239 |  97.6 |       2 |       1 |  33.3
            +---------+---------+-------+---------+---------+-------
